 Dungeon Sprint DCSS version 0.29.1-15-g9cfb28693d (webtiles) character file.

Game seed: 10168879645211298511

56 boopmooplesden the Twirler (level 4, -2/40 HPs)
             Began as a Minotaur Gladiator on Mar 21, 2023.
             Was a Priest of Trog.
             Slain by a redback (4 damage)
             ... in the Dungeon (Sprint VI: "Thunderdome").
             The game lasted 00:02:10 (398 turns).

boopmooplesden the Twirler (Minotaur Gladiator)      Turns: 398, Time: 00:02:10

Health: -2/40      AC:  6    Str: 24    XL:     4   Next: 39%
Magic:  12/12      EV: 12    Int:  5    God:    Trog [***...]
Gold:   145        SH:  0    Dex: 14    Spells: 3/3 levels left

rFire   . . .      SeeInvis +   a - +0 quarterstaff
rCold   . . .      Faith    .   (shield currently unavailable)
rNeg    + . .      Spirit   .   t - +0 scale mail
rPois   .          Reflect  .   c - +0 hat
rElec   .          Harm     .   (no cloak)
rCorr   .          Rampage  .   (no gloves)
Will    ++++.      NoTele   +   (no boots)
Stlth   ..........              r - amulet of Huewynn {RegenMP rN+ Int+3 Dex+3}
HPRegen 1.13/turn               q - ring "Luleb" {Fly Will+}
MPRegen 0.53/turn               p - ring "Tialoy" {Will+ MP+9 Str+3 Int-3 SInv}

@: lethally poisoned (-2 -> -26), strong-willed, on berserk cooldown, flying,
regenerating, slowed, very slow
A: horns 2, retaliatory headbutt
a: Renounce Religion, Berserk, Trog's Hand


You were in the Dungeon.
You worshipped Trog.
Trog was most pleased with you.
You visited 1 branch You collected 280 gold pieces.
You spent 135 gold pieces at shops.

Inventory:

Hand Weapons
 a - a +0 quarterstaff (weapon)
Missiles
 d - 3 throwing nets (quivered)
 e - a javelin
 s - 2 boomerangs
Armour
 b - a +0 leather armour
 c - a +0 hat (worn)
 t - a +0 scale mail (worn)
Jewellery
 p - the ring "Tialoy" (right hand) {Will+ MP+9 Str+3 Int-3 SInv}
   (You bought it in a shop in the Dungeon)

   [ring of magical power]

   Str:       It affects your strength (+3).
   Int:       It affects your intelligence (-3).
   MP:        It affects your magic capacity (+9).
   SInv:      It lets you see invisible.
   Will:      It increases your willpower.
 q - the ring "Luleb" (left hand) {Fly Will+}
   (You bought it in a shop in the Dungeon)

   [ring of flight]

   Fly:       It grants you flight.
   Will:      It increases your willpower.
 r - the amulet of Huewynn (around neck) {RegenMP rN+ Int+3 Dex+3}
   (You bought it in a shop in the Dungeon)

   [amulet of magic regeneration]

   It increases your rate of magic regeneration.
   Int:       It affects your intelligence (+3).
   Dex:       It affects your dexterity (+3).
   rN:        It protects you from negative energy.
Wands
 m - a wand of quicksilver (5)
 n - a wand of roots (4)
Scrolls
 k - 4 scrolls of blinking
 o - 3 scrolls of butterflies
Potions
 f - a potion of curing
 g - 4 potions of heal wounds
 h - 4 potions of haste
 i - 2 potions of magic
 j - a potion of berserk rage
 l - a potion of resistance


   Skills:
 + Level 4.3 Fighting
 + Level 7.8 Staves
 + Level 3.0 Throwing
 + Level 2.3 Armour
 + Level 6.2 Dodging
 + Level 0.1 Stealth


You had 3 spell levels left.
You didn't know any spells.
Your spell library was empty.

Dungeon Overview and Level Annotations

Branches:
Dungeon (1/1)

Altars:
Cheibriados
Dithmenos
Fedhas
Gozag
Kikubaaqudgha
Makhleb
Okawaru
Qazlal
Ru
Sif Muna
Trog
Uskayaw
Vehumet
Wu Jian
Xom
Yredelemnul
Zin
The Shining One
Lugonu

Shops:
D *[??*?*:[((!!!!


Innate Abilities, Weirdness & Mutations

You have a pair of horns on your head.
You reflexively headbutt those who attack you in melee.


Message History

You thump the adder!
You kill the adder!
Trog accepts your kill.
Victory!
Score multiplier: 3x You now have 56 arena points (gained 42).
You feel sick.
You feel sick.
You are no longer poisoned.
You see here an adder corpse.
You now have 145 gold pieces (gained 60).
You see here an adder corpse.
There is an entrance to Falakega's Advanced Armour here.
You start resting.
Get ready!
You start resting.
ROUND 3!
FIGHT!
A jumping spider comes into view.
A red film seems to cover your vision as you go berserk!
You feel yourself moving faster!
You feel mighty!
The jumping spider leaps!
A redback comes into view.
You feel a strong urge to attack something.
You feel your anger nearly subside.
You are no longer berserk.
You are exhausted.
You feel yourself slow down.
The jumping spider leaps! x2; The jumping spider barely misses you.
The jumping spider bites you.
The jumping spider leaps!
There is a staircase leading out of the dungeon here.
Your skin crawls.
You feel strong-willed.
The jumping spider leaps!
The redback bites you!
You are lethally poisoned!
The redback poisons you!
The redback bites you but does no damage.
The redback bites you!
* * * LOW HITPOINT WARNING * * *
The redback attacks as you move away! The redback bites you.
You die...

#_....†.._# ###.........###
#⌠...........⌠#
######.8.†.......8.######
##.___..†...###......___∩##
###∩....÷...8.# #.8........∩##
##.......)...°.###.............
#⌠.......÷..###s..###..........
#⌠..........# #.@.# #..........
#⌠...[......###...###..........
##.............###.............
###∩........8.# #.8........∩##
##∩_........###......___∩##
######.8.........8.######
#⌠...........⌠# ###.........###
#_......._#


You could see a redback.

Vanquished Creatures
  Terence (D)
  7 adders (D)
  An orc (D)
  A giant cockroach (D)
  A ball python (D)
  A bat (D)
12 creatures vanquished.

Notes
Turn   | Place    | Note
-------+----------+-------------------------------------------
     0 | D        | boopmooplesden the Minotaur Gladiator began the quest for
                  | the Orb.
     0 | D        | Reached XP level 1. HP: 18/18 MP: 0/0
     3 | D        | Found a shimmering blue altar of Sif Muna.
     3 | D        | Found a glowing golden altar of the Shining One.
     4 | D        | Found a bloodstained altar of Trog.
     5 | D        | Found a sacrificial altar of Ru.
     5 | D        | Found a shadowy altar of Dithmenos.
     5 | D        | Round 1.
     6 | D        | Found Deduyppelea's Identification Station.
     7 | D        | Found Hexko's Jewellery.
     7 | D        | Found Falakega's Advanced Armour.
    19 | D        | Reached skill level 4 in Staves
    20 | D        | Became a worshipper of Trog the Wrathful
    24 | D        | Bought a translucent granite ring for 45 gold pieces
    24 | D        | Identified the ring "Tialoy" {Will+ MP+9 Str+3 Int-3 SInv}
                  | (You bought it in a shop in the Dungeon)
    24 | D        | Bought a transparent platinum ring for 45 gold pieces
    24 | D        | Identified the ring "Luleb" {Fly Will+} (You bought it in a
                  | shop in the Dungeon)
    24 | D        | Bought an ancient jade amulet for 45 gold pieces
    24 | D        | Identified the amulet of Huewynn {RegenMP rN+ Int+3 Dex+3}
                  | (You bought it in a shop in the Dungeon)
    35 | D        | Found a glowing silver altar of Zin.
    36 | D        | Found an iron altar of Okawaru.
    37 | D        | Found Riwymete's Premium Goods.
    38 | D        | Found Tyxta's Miscellaneous Merchandise.
    38 | D        | Found Yhae's Basic Armour.
    39 | D        | Found an ancient bone altar of Kikubaaqudgha.
    39 | D        | Found a corrupted altar of Lugonu.
    39 | D        | Found a radiant altar of Vehumet.
    39 | D        | Found Dumuilik's Weapon Rack.
    43 | D        | Found a basalt altar of Yredelemnul.
    44 | D        | Found an ornate altar of the Wu Jian Council.
    45 | D        | Found a stormy altar of Qazlal.
    46 | D        | Found Loaxtiwun's Do-It-Yourself Clinic.
    46 | D        | Found an opulent altar of Gozag.
    46 | D        | Found a snail-covered altar of Cheibriados.
    46 | D        | Found a shimmering altar of Xom.
    46 | D        | Found Yrenotz's Distillery.
    47 | D        | Found Domomats's Bottled Wisdom.
    47 | D        | Found Taiteagh's Distillery.
    50 | D        | Found a hide-covered altar of Uskayaw.
    51 | D        | Found a blossoming altar of Fedhas.
    53 | D        | Found a burning altar of Makhleb.
    53 | D        | Found Unycigg's Staff Store.
    53 | D        | Found Xameq's Magic Scroll Shop.
    54 | D        | Found Vennot's Must-Have Magic.
    54 | D        | Found Tiukoudu's Magic Scroll Shop.
    97 | D        | Noticed Terence
   107 | D        | Reached skill level 5 in Staves
   107 | D        | Reached XP level 2. HP: 22/26 MP: 1/1
   107 | D        | Killed Terence
   107 | D        | Reached * piety under Trog
   108 | D        | Reached skill level 6 in Staves
   108 | D        | Reached skill level 1 in Armour
   108 | D        | Reached skill level 5 in Dodging
   108 | D        | Reached XP level 3. HP: 26/31 MP: 2/2
   146 | D        | Arena points: 14 (+14) [x2]
   204 | D        | Round 2.
   214 | D        | Reached ** piety under Trog
   283 | D        | Reached skill level 7 in Staves
   294 | D        | Reached XP level 4. HP: 33/40 MP: 3/3
   317 | D        | Reached *** piety under Trog
   340 | D        | Arena points: 56 (+42) [x3]
   383 | D        | Round 3.
   385 | D        | Noticed a jumping spider
   388 | D        | Noticed a redback
   397 | D        | HP: 2/40 [redback (12)]
   398 | D        | Slain by a redback

Illustrated notes

Levels and vault maps discovered:
D:        arena_sprint

Skill      XL: |  1  2  3  4 |
---------------+-------------+-----
Staves         | 5 6 7 |  7.8
Fighting       | 3 4 |  4.3
Dodging        | 4 5 6 |  6.2
Armour         | 1 2 |  2.3
Throwing       | 3 |  3.0
Stealth        | |  0.1

Action                   |  1- 3 |  4- 6 || total
-------------------------+-------+-------++-------
Melee: Quarterstaff      |    38 |    13 ||    51
       Headbutt          |     2 |       ||     2
Invok: Berserk           |       |     1 ||     1
       Trog's Hand       |       |     1 ||     1
Evoke: Wand              |     1 |       ||     1
Armor: Leather armour    |    10 |       ||    10
       Scale mail        |     5 |     1 ||     6
Dodge: Dodged            |    36 |    12 ||    48
